 Dungeon Crawl Stone Soup version 0.29-a0-824-gd827844252 (webtiles) character file.

Game seed: 12361666218268721641

35 coolguy69 the Cutter (level 3, -2/20 HPs)
             Began as a Vine Stalker Monk on July 10, 2022.
             Slain by an adder (3 damage)
             ... on level 2 of the Dungeon.
             The game lasted 00:02:00 (1107 turns).

coolguy69 the Cutter (Vine Stalker Monk)            Turns: 1107, Time: 00:02:01

Health: -2/20      AC:  2    Str: 15    XL:     3   Next: 35%
Magic:  0/4        EV: 13    Int: 10    God:
Gold:   36         SH:  0    Dex: 16    Spells: 2/2 levels left

rFire   . . .      SeeInvis .   a - +0 short sword
rCold   . . .      Faith    .   (no shield)
rNeg    . . .      Spirit   +   b - +0 robe
rPois   .          Reflect  .   (no helmet)
rElec   .          Harm     .   (no cloak)
rCorr   .          Rampage  .   (no gloves)
Will    .....                   (no boots)
Stlth   ++........              (no amulet)
HPRegen 0.06/turn               (no ring)
MPRegen 0.09/turn               (no ring)

@: no status effects
A: fangs 2, magic shield, antimagic bite, no potion heal 2
a: no special abilities


You were on level 2 of the Dungeon.
You visited 1 branch of the dungeon, and saw 2 of its levels.

You collected 36 gold pieces.

Inventory:

Hand Weapons
 a - a +0 short sword (weapon)
Armour
 b - a +0 robe (worn)
Jewellery
 d - a ring of willpower
Scrolls
 e - a scroll of enchant armour {unknown}
 f - 2 scrolls of identify {unknown}
 i - a scroll of teleportation {unknown}
 k - a scroll of noise {unknown}
Potions
 c - a potion of ambrosia
 h - 2 potions of curing


   Skills:
 + Level 3.0 Fighting
 + Level 3.1 Short Blades
 + Level 2.7 Dodging
 + Level 2.8 Stealth


You had 2 spell levels left.
You didn't know any spells.
Your spell library was empty.

Dungeon Overview and Level Annotations

Branches:
Dungeon (2/15)

Altars:


Innate Abilities, Weirdness & Mutations

You have extremely sharp teeth.
When hurt, damage is shared between your health and your magic reserves.
Your bite disrupts and absorbs the magic of your enemies.
Potions cannot restore your health.


Message History

You closely miss the adder. Your bite misses the adder. The adder bites you.
You are poisoned.
The adder poisons you!
You miss the adder.
You feel sick. The adder bites you.
You are more poisoned.
The adder poisons you!
You hit the adder. Your bite misses the adder.
The adder is lightly wounded.
You feel very sick. The adder barely misses you. The adder misses you.
You barely miss the adder.
The adder is lightly wounded.
You feel sick. The adder bites you.
You are lethally poisoned!
The adder poisons you!
You are too injured to fight recklessly!
You are too injured to fight recklessly!
It was a potion of heal wounds.
That seemed strangely inert.
You feel very sick. The adder misses you.
It was a potion of curing.
Your system rejects the healing.
You feel better. The adder bites you.
* * * LOW HITPOINT WARNING * * *
You are lethally poisoned!
The adder poisons you!
It was a potion of cancellation.
You feel magically purged.
* * * LOW HITPOINT WARNING * * *
You feel sick. The adder bites you but does no damage. The adder bites you.
* * * LOW HITPOINT WARNING * * *
You are more poisoned.
The adder poisons you!
Your system rejects the healing.
You feel better. The adder closely misses you.
The adder attacks as you move away! The adder barely misses you.
Okay, then.
You hit the adder. Your bite misses the adder.
The adder is lightly wounded.
The adder bites you.
* * * LOW HITPOINT WARNING * * *
The adder bites you.
You die...

#......# #......#
#......# #
#....†.# #.
#....).#
#..####.##...#
......#.# ..###
#. #..S# .... P..
##.@# ....
....###.####..##.
#!..#!........#
.#
#...........#..#
###.........#..##
#.<...........
##.............
##...........##
#...#.........#


You could see an adder.

Vanquished Creatures
  2 dart slugs
  4 endoplasms (D:1)
  A giant cockroach (D:1)
  3 goblins (D:1)
  3 hobgoblins
  2 jackals (D:1)
  A quokka (D:1)
  3 ball pythons
  3 bats
  3 kobolds (D:1)
  4 rats (D:1)
29 creatures vanquished.

Notes
Turn   | Place    | Note
-------+----------+-------------------------------------------
     0 | D:1      | coolguy69 the Vine Stalker Monk began the quest for the
                  | Orb.
     0 | D:1      | Reached XP level 1. HP: 11/11 MP: 2/2
   164 | D:1      | Reached XP level 2. HP: 16/16 MP: 3/3
   241 | D:1      | Found a faded altar of an unknown god.
   700 | D:1      | Reached XP level 3. HP: 18/20 MP: 2/4
  1104 | D:2      | HP: 1/20 [adder (2)]
  1107 | D:2      | Slain by an adder

Illustrated notes

Levels and vault maps discovered:
D:1:      saegor_arrival_simple_c, layout_rooms,
          dreamdust_ecumenical_altar_statues, grunt_decor_arrowhead
D:2:      cheibrodos_old_hovel, layout_rooms, kennysheep_generic_room_9

Skill      XL: |  1  2 |
---------------+-------+-----
Fighting       | 3 |  3.0
Short Blades   | 3 |  3.1
Dodging        | |  2.7
Stealth        | |  2.8

Action                   || total
-------------------------++-------
Melee: Short sword       ||    72
       Bite              ||    12
       Punch             ||     1
  Use: Potion            ||     4
 Stab: Sleeping          ||     3
Armor: Robe              ||    13
Dodge: Dodged            ||    48

Table legend: (Time is in decaauts)
 A = Elapsed time spent in this place.
 B = Non-inter-level travel time spent in this place.
 C = Inter-level travel time spent in this place.
 D = Time resting spent in this place.
 E = Time spent auto-exploring this place.
 F = Levels seen in this place.
 G = Mean time per level.
                   A        B        C        D        E       F      G
               +--------+--------+--------+--------+--------+-----+--------+
         Total |   1103 |   1095 |      8 |    137 |    757 |   2 |  551.5 |
       Dungeon |   1103 |   1095 |      8 |    137 |    757 |   2 |  551.5 |
               +--------+--------+--------+--------+--------+-----+--------+

Top non-repeatable levels by time:
     D:1: 979 daAuts
     D:2: 124 daAuts
